 Dungeon Crawl Stone Soup version 0.20-a0-1126-g0f15420 (webtiles) character file.

139 MTVSty1e the Skirmisher (level 5, -1/43 HPs)
             Began as a Barachi Fighter on May 17, 2017.
             Killed by divine providence
             ... invoked by an orc priest
              (9 damage)
             ... on level 3 of the Dungeon.
             The game lasted 00:04:18 (1615 turns).

MTVSty1e the Skirmisher (Barachi Fighter)           Turns: 1615, Time: 00:04:19

Health: -1/43      AC:  7    Str: 18    XL:     5   Next: 22%
Magic:  0/5        EV:  8    Int:  8    God:
Gold:   94         SH:  9    Dex: 12    Spells: 4/4 levels left

rFire    . . .     SeeInvis .   a - +0 flail
rCold    . . .     Gourm    .   c - +0 shield
rNeg     . . .     Faith    .   b - +0 scale mail
rPois    .         Spirit   +   (no helmet)
rElec    .         Reflect  .   (no cloak)
rCorr    .         Harm     .   (no gloves)
MR       .....                  (no boots)
Stlth    ..........             q - amulet of guardian spirit
Regen    0.2/turn               (no ring)
MPRegen  0.1/turn               (no ring)

@: slow
A: +LOS, swims, slowness 1, strong legs 1
a: Hop


You were on level 3 of the Dungeon.
You were not hungry.

You visited 1 branch of the dungeon, and saw 3 of its levels.

You collected 94 gold pieces.

Inventory:

Hand Weapons
 a - a +0 flail (weapon)
Armour
 b - a +0 scale mail (worn)
 c - a +0 shield (worn)
Jewellery
 q - an amulet of guardian spirit (around neck)
 s - a cursed -5 ring of protection {unknown}
Wands
 r - a wand of random effects (37/48)
Scrolls
 e - a scroll of fog {unknown}
 h - a scroll of fear
 i - 2 scrolls of enchant armour {unknown}
 o - a scroll of recharging {unknown}
 p - 4 scrolls of identify {unknown}
Potions
 d - 2 potions of might
 j - a potion of flight {unknown}
 k - a potion of cancellation {unknown}
 n - a potion of curing {unknown}
Books
 l - a book of Maledictions

   Spells                             Type                      Level
   a - Corona                         Hexes                        1
   b - Ensorcelled Hibernation        Hexes/Ice                    2
   c - Confuse                        Hexes                        3
   d - Tukima's Dance                 Hexes                        3
   e - Dazzling Spray                 Conjuration/Hexes            3
Comestibles
 f - 3 bread rations
 g - 3 fruits
 m - a royal jelly
 t - a meat ration


   Skills:
 * Level 4.9 Fighting
 + Level 2.7 Maces & Flails
 + Level 4.4 Armour
 + Level 2.1 Dodging
 + Level 4.0 Shields


You had 4 spell levels left.
You didn't know any spells.

Dungeon Overview and Level Annotations

Branches:
Dungeon (3/15)

Altars:
Wu Jian


Innate Abilities, Weirdness & Mutations

Shadows flee at your approach. (+LOS)
You can swim through water.
You cover ground slowly.
You can hop short distances.


Message History

You hit the orc but do no damage. You block the orc's attack.
You barely miss the orc. You block the orc's attack.
The orc hits you but does no damage.
You closely miss the orc. The orc barely misses you.
You sock the orc!
You kill the orc!
You sock the orc!
You kill the orc!
You hit the orc.
The orc is severely wounded.
The orc barely misses you.
The orc priest invokes the aid of Beogh against you.
Beogh smites you!
* * * LOW HITPOINT WARNING * * *
You thump the orc!
You kill the orc!
Your Shields skill increases to level 4!
The orc priest mumbles some strange prayers to Beogh against you.
Beogh smites you!
You die...

.. .. .. #.
####.######+###### .###....
........... ........
#.....######
...$...)####..........####
....>.%(o()@((........'..#
........######.#......##.###
........ #.#.....†[....)
........ #.#......###.##
..#####. #.+.....<# #.## +
#. ###......# #.## ..
..#####.# #..# ## ... ..#
##.# .... ### #..


You could see an orc priest.

Vanquished Creatures
  A hound (D:3)
  An orc wizard (D:3)
  An adder (D:2)
  An ooze (D:2)
  2 leopard geckos
  10 orcs (D:3)
  A ball python (D:2)
  2 giant cockroaches (D:2)
  8 goblins
  7 hobgoblins
  A quokka (D:2)
  3 bats
  A frilled lizard (D:1)
  12 kobolds
  5 rats
56 creatures vanquished.

Notes
Turn   | Place    | Note
-------+----------+-------------------------------------------
     0 | D:1      | MTVSty1e the Barachi Fighter began the quest for the Orb.
     0 | D:1      | Reached XP level 1. HP: 18/18 MP: 1/1
    63 | D:1      | Reached XP level 2. HP: 15/25 MP: 2/2
   708 | D:2      | Reached XP level 3. HP: 30/30 MP: 3/3
   900 | D:2      | Reached skill level 1 in Dodging
  1058 | D:2      | Found an ornate altar of the Wu Jian Council.
  1501 | D:3      | Reached XP level 4. HP: 38/38 MP: 1/4
  1581 | D:3      | Reached XP level 5. HP: 29/43 MP: 3/5
  1615 | D:3      | Killed from afar by an orc priest

Vault maps used:
D:1:      lemuel_arrival_rhombus, hangedman_glass_teeth, minmay_misc_feat_roman
D:2:      nicolae_overflow_crystal_walls, first_bread
D:3:      lemuel_round_altar, gammafunk_temple_overflow_wave

Skill      XL: |  1  2  3  4  5 |
---------------+----------------+-----
Fighting       | 4 |  4.9
Dodging        | 1 2 |  2.1
Armour         | 4 |  4.4
Shields        | 4 |  4.0
Maces & Flails | |  2.7

Action                   |  1- 3 |  4- 6 || total
-------------------------+-------+-------++-------
Melee: Flail             |   139 |    81 ||   220
  Use: Scroll            |     1 |       ||     1
  Eat: Meat ration       |     1 |       ||     1
Armor: Scale mail        |    87 |    34 ||   121
Dodge: Dodged            |    54 |    25 ||    79
Block: Shield            |    83 |    27 ||   110
